 Dungeon Crawl Stone Soup version 0.28.0-45-g0d030f2227 (webtiles) character file.

Game seed: 15133495633048695036

21 js333 the Conjurer (level 2, 15/15 HPs)
             Began as a Deep Elf Conjurer on Apr 20, 2022.
             Got out of the dungeon alive.
             The game lasted 00:01:38 (1357 turns).

js333 the Conjurer (Deep Elf Conjurer)              Turns: 1357, Time: 00:01:39

Health: 15/15      AC:  2    Str:  4    XL:     2   Next: 62%
Magic:  8/8        EV: 12    Int: 22    God:
Gold:   40         SH:  0    Dex: 13    Spells: 6/7 levels left

rFire   . . .      SeeInvis .   e - +1 short sword (speed)
rCold   . . .      Faith    .   (no shield)
rNeg    . . .      Spirit   .   a - +0 robe
rPois   .          Reflect  .   (no helmet)
rElec   .          Harm     .   (no cloak)
rCorr   .          Rampage  .   (no gloves)
Will    .....                   (no boots)
Stlth   ++........              (no amulet)
HPRegen 0.05/turn               (no ring)
MPRegen 0.11/turn               (no ring)

@: no status effects
A: no striking features
a: no special abilities


You escaped.
You visited 1 branch of the dungeon, and saw 1 of its levels.

You collected 40 gold pieces.

Inventory:

Hand Weapons
 e - a +1 short sword of speed (weapon)
Armour
 a - a +0 robe (worn)
Scrolls
 b - a scroll of identify {unknown}
 c - 3 scrolls of magic mapping {unknown}
 f - a scroll of teleportation {unknown}
 g - a scroll of fear {unknown}
 h - a scroll of amnesia {unknown}
 i - 2 scrolls of enchant armour {unknown}
Potions
 d - a potion of curing {unknown}


   Skills:
 + Level 2.8 Dodging
 + Level 3.0 Stealth
 + Level 3.4 Spellcasting
 + Level 4.6 Conjurations


You had 6 spell levels left.
You knew the following spells:

 Your Spells              Type           Power      Damage    Failure   Level
a - Magic Dart            Conj           96%        1d7       1%          1

Your spell library contained the following spells:

 Spells                   Type           Power      Damage    Failure   Level
 Searing Ray              Conj           48%        2d6       2%          2
 Dazzling Flash           Conj/Hex       26%        N/A       14%         3
 Fulminant Prism          Conj/Hex       6%         3d7       41%         4
 Iskenderun's Mystic Bla  Conj/Tloc      13%        2d5       41%         4
 Starburst                Conj/Fire      6%         6d4       100%        6


Dungeon Overview and Level Annotations

Branches:
Dungeon (1/15)

Altars:


Message History

You hit the bush but do no damage.
The bush is almost destroyed.
You hit the bush but do no damage.
The bush is almost destroyed.
You hit the bush but do no damage.
The bush is almost destroyed.
You hit the bush but do no damage.
The bush is almost destroyed.
You hit the bush but do no damage.
The bush is almost destroyed.
You hit the bush but do no damage.
The bush is almost destroyed.
You hit the bush.
The bush is almost destroyed.
You hit the bush but do no damage.
The bush is almost destroyed.
You hit the bush.
You destroy the bush!
You hit the bush but do no damage. You hit the bush.
The bush is lightly damaged.
Partly explored, can't reach some places.
Partly explored, can't reach some places.
Partly explored, can't reach some places.
Partly explored, can't reach some places.
You can't see any susceptible monsters within range! (Use Z to cast anyway.)
You can't see any susceptible monsters within range! (Use Z to cast anyway.) Partly explored, can't reach some places.
You can't see any susceptible monsters within range! (Use Z to cast anyway.) Partly explored, can't reach some places.
Key pressed, stopping explore.
You can't see any susceptible monsters within range! (Use Z to cast anyway.)
You see here a +0 dagger.
There is an open door here.
You enter the shallow water.
Moving in this stuff is going to be slow.
There is a staircase leading out of the dungeon here.
You can't go down here!
Are you sure you want to leave the Dungeon?
This will make you lose the game!
You have escaped!

...)..####.....# #.# #.....[.#
.####..#P...#'####### ###........
.####...♣P..#.##....# #...#####.#
.....)♣.P.#.#≈##≈##.###......##.#
...P.P♣♣..####≈≈≈#..'........##>#
......P..## #≈#######..#......#.#
..P.♣♣.P.# ##≈≈≈≈≈≈##.#>.......#
#P.P♣P..#####≈###≈#≈##.#...#..###
..P♣♣♣.#....#≈#≈@≈#≈#..#.#.#..###
.P♣.........#≈≈≈≈≈≈≈#............
#.P.#.##....####'####........####
##.##.########...# ######.#### #
#....# #...# #....# # ####.#
#...# ####.# #.# #...# #.#
##.########...############.##
#......##......#.......##...##


There were no monsters in sight!

Vanquished Creatures
  A dart slug (D:1)
  2 bats (D:1)
  3 endoplasms (D:1)
  A giant cockroach (D:1)
  4 goblins (D:1)
  A ball python (D:1)
  3 frilled lizards (D:1)
  2 kobolds (D:1)
  2 rats (D:1)
  A bush (D:1)
20 creatures vanquished.

Notes
Turn   | Place    | Note
-------+----------+-------------------------------------------
     0 | D:1      | js333 the Deep Elf Conjurer began the quest for the Orb.
     0 | D:1      | Reached XP level 1. HP: 10/10 MP: 6/6
   191 | D:1      | Reached XP level 2. HP: 15/15 MP: 6/8
   221 | D:1      | Found a faded altar of an unknown god.
  1357 | D:$      | Got out of the dungeon alive.

Illustrated notes

Levels and vault maps discovered:
D:1:      ncdulo_wetmaze, layout_loops_cross, serial_forest,
          infiniplex_forest_lined_corner, infiniplex_forest_zigzag_1,
          infiniplex_forest_lined_4_way, infiniplex_forest_clump_diagonal,
          infiniplex_forest_lined_2, infiniplex_forest_split,
          infiniplex_forest_clump_small, ebering_ecumenical_altar_ruins,
          minmay_pentomino_w2

Skill      XL: |  1  2 |
---------------+-------+-----
Stealth        | 3 |  3.0
Dodging        | |  2.8
Spellcasting   | |  3.4
Conjurations   | |  4.6

Action                   || total
-------------------------++-------
Melee: Short sword       ||   230
       Punch             ||     4
 Cast: Magic Dart        ||    30
Dodge: Dodged            ||     2
